 Dungeon Crawl Stone Soup version 0.30-a0-799-g109b55a442 (webtiles) character file.

Game seed: 8824995369356376390

0 Esekla the Sneak (level 1, -2/16 HPs)
             Began as an Octopode Delver on Feb 21, 2023.
             Slain by a worm (8 damage)
             ... on level 5 of the Dungeon.
             The game lasted 00:01:27 (62 turns).

Esekla the Sneak (Octopode Delver)                    Turns: 62, Time: 00:01:28

Health: -2/16      AC:  1    Str: 11    XL:     1   Next: 0%
Magic:  1/1        EV: 13    Int: 12    God:
Gold:   36         SH:  0    Dex: 13    Spells: 0/0 levels left

rFire   . . .      SeeInvis .    a - +0 falchion
rCold   . . .      Faith    .    (no shield)
rNeg    . . .      Spirit   .    (helmet restricted)
rPois   .          Reflect  .    (no amulet)
rElec   .          Harm     .    (no ring)
rCorr   .          Rampage  .    (no ring)
Will    .....                    (no ring)
Stlth   ++++                     (no ring)
HPRegen 0.22/turn                (no ring)
MPRegen 0.07/turn                (no ring)
                                 (no ring)
                                 (no ring)

@: no status effects
A: almost no armour, amphibious, 8 rings, camouflage 1, gelatinous body 1,
(nimble swimmer 1), tentacles
a: no special abilities


You were on level 5 of the Dungeon.
You visited 1 branch of the dungeon, and saw 1 of its levels.

You collected 36 gold pieces.

Inventory:

Hand Weapons
 a - a +0 falchion (weapon)
Wands
 f - a wand of digging (3)
Scrolls
 b - a scroll of fog
 d - a scroll of fear
Potions
 e - a potion of haste
 g - a potion of heal wounds {unknown}


   Skills:
 * Level 3.0 Fighting
 * Level 2.0 Long Blades
 * Level 2.0 Dodging
 + Level 6.6 Stealth


You couldn't memorise any spells.
You didn't know any spells.
Your spell library was empty.

Dungeon Overview and Level Annotations

Branches:
Dungeon (5/15)
 Temple: D:4-7

Altars:
Nemelex Xobeh
Qazlal


Innate Abilities, Weirdness & Mutations

You cannot wear most types of armour.
You are amphibious.
You can wear up to eight rings at the same time.
Your skin changes colour to match your surroundings (Stealth+).
Your rubbery body absorbs attacks. (AC +1, EV +1)
((You are camouflaged when in or above water. (Stealth+)))
You have tentacles for arms and can constrict up to eight enemies at once.


Message History

A howler monkey comes into view.
The howler monkey howls!
The howler monkey hoots and howls with incredible vigour!
You hear a howl!
You hear a shout! x3
A worm comes into view.
Found 10 gold pieces.
Found a stormy altar of Qazlal.
The jackal barks!
You hit the howler monkey. Your grab misses the howler monkey.
Your squeeze misses the howler monkey.
The howler monkey is moderately wounded.
You hear a bark!
You hear a shout!
The howler monkey hoots and howls with incredible vigour!
You hear a howl!
You hear a bark!
You hear a shout!
You hit the howler monkey. You grab the howler monkey.
The howler monkey is heavily wounded.
You constrict the howler monkey.
The howler monkey completely misses you.
The howler monkey closely misses you.
You completely miss the jackal. Your grab misses the jackal.
Your squeeze misses the jackal. You constrict the howler monkey.
The jackal completely misses you. The howler monkey barely misses you.
The jackal closely misses you.
You hit the jackal but do no damage. You grab the jackal.
Your squeeze misses the jackal. You constrict the howler monkey.
You constrict the jackal, but do no damage.
The jackal misses you. The howler monkey hits you! The jackal bites you.
The howler monkey hits you.
You barely miss the howler monkey.
The howler monkey is almost dead.
You constrict the howler monkey.
You constrict the jackal, but do no damage.
The jackal bites you.
The howler monkey hits you but does no damage.
You slash the jackal!
You kill the jackal!
You constrict the howler monkey.
You kill the howler monkey!
The worm bites you!
Ouch! That really hurt!
You die...

***,,** **,,...........#
**,,,,** **,.....h....##
*,,,,,** *#..........#
**,,,,,,** #...##....##
*>,,,,,,,###.#####...#***
*,,,,,,,,........#..##*,**
*,,,,,****+**#...##.##*,,***
*,,,,,*,⌠,⌠**##†.....#,,,,,**
*,,,,,*,,,,**,##@h##.#,,,,,,**
*,,,,,*,,_,#$..8†w##........,**
**,,,,*,,..#$.....###.#.....,,*
****,*,,..#$.....# *..,h...,,*
*,*,,_.#$..8..# *#..,...,,*
*,*,,.,##.##..# *...,..,**
*,*,⌠,⌠*##*..## *#..#,.,* *
*,****+***,..# *..#**** *
*,,,,,,,,,,,,* **,,*******


You could see a worm and a jackal.

Vanquished Creatures
  A howler monkey (D:5)
  A jackal (D:5)
2 creatures vanquished.

Notes
Turn   | Place    | Note
-------+----------+-------------------------------------------
     0 | D:5      | Esekla the Octopode Delver began the quest for the Orb.
     0 | D:5      | Reached XP level 1. HP: 16/16 MP: 1/1
     8 | D:5      | Noticed an iguana
    47 | D:5      | Noticed a howler monkey
    49 | D:5      | Noticed a howler monkey
    56 | D:5      | Found a stormy altar of Qazlal.
    62 | D:5      | Killed a howler monkey
    62 | D:5      | Slain by a worm

Illustrated notes

Levels and vault maps discovered:
D:5:      layout_cave_pods, jmf_multi_god_temple,
          mainiacjoe_overflow_cross_hatched

Action                     || total
---------------------------++-------
  Melee: Falchion          ||     6
         Constrict         ||     2
    Use: Scroll            ||     1
 Armour: Skin              ||     1
  Dodge: Dodged            ||     6

Table legend: (Time is in decaauts)
 A = Elapsed time spent in this place.
 B = Non-inter-level travel time spent in this place.
 C = Inter-level travel time spent in this place.
 D = Time resting spent in this place.
 E = Time spent auto-exploring this place.
 F = Levels seen in this place.
 G = Mean time per level.
                   A        B        C        D        E       F      G
               +--------+--------+--------+--------+--------+-----+--------+
         Total |     63 |     63 |      0 |      0 |      0 |   1 |   63.0 |
       Dungeon |     63 |     63 |      0 |      0 |      0 |   1 |   63.0 |
               +--------+--------+--------+--------+--------+-----+--------+

Top non-repeatable levels by time:
     D:5: 63 daAuts
